 Dungeon Crawl Stone Soup version 0.30-a0-591-g3c58d2bc28 (webtiles) character file.

Game seed: 10182427033214160880

1968 Angani the Reanimator (level 9, -4/68 HPs)
             Began as a White Draconian Reaver on Jan 5, 2023.
             Killed from afar by an electric eel (11 damage)
             ... with a bolt of electricity
             ... on level 7 of the Dungeon.
             The game lasted 00:13:06 (5975 turns).

Angani the Reanimator (White Draconian Reaver)      Turns: 5975, Time: 00:13:06

Health: -4/68      AC:  7    Str: 15    XL:     9   Next: 0%
Magic:  5/20       EV: 12    Int: 18    God:
Gold:   480        SH:  0    Dex:  9    Spells: 18/23 levels left

rFire   . . .      SeeInvis .    a - +1 mace
rCold   + . .      Faith    .    (no shield)
rNeg    + . .      Spirit   .    (body armour unavailable)
rPois   .          Reflect  .    (helmet restricted)
rElec   .          Harm     .    (no cloak)
rCorr   .          Rampage  .    (no gloves)
Will    .....                    (no boots)
Stlth   +                        (no amulet)
HPRegen 0.31/turn                g - ring of positive energy
MPRegen 0.17/turn                (no ring)

@: mighty, short of breath
A: breathe frost, AC +7, unfitting armour, cold resistance 1, cold-blooded
a: Breathe Frost


You were on level 7 of the Dungeon.
You visited 2 branches of the dungeon, and saw 8 of its levels.

You collected 480 gold pieces.

Inventory:

Hand Weapons
 a - a +1 mace (weapon)
Jewellery
 e - a ring of fire
 g - a ring of positive energy (left hand)
Wands
 h - a wand of light (4)
Scrolls
 d - 2 scrolls of enchant armour
 f - 2 scrolls of vulnerability
 j - a scroll of enchant weapon
 m - 2 scrolls of amnesia
 n - a scroll of summoning {unknown}
Potions
 b - 3 potions of mutation
 k - a potion of resistance


   Skills:
 - Level 2.6 Fighting
 - Level 3.2 Maces & Flails
 - Level 1.7 Dodging
 + Level 7.8 Spellcasting
 - Level 3.0 Conjurations
 + Level 8.1 Necromancy


You had 18 spell levels left.
You knew the following spells:

 Your Spells              Type           Power      Damage    Failure   Level
a - Kiss of Death         Conj/Necr      100%       2d13      1%          1
b - Necrotise             Necr           100%       1d9       1%          1
c - Vampiric Draining     Necr           36%        2d8       1%          3

Your spell library contained the following spells:

 Spells                   Type           Power      Damage    Failure   Level
 Momentum Strike          Conj/Tloc      24%        3d8       9%          2
 Apportation              Tloc           14%        N/A       10%         1
 Summon Small Mammal      Summ           28%        N/A       10%         1
 Agony                    Necr           36%        N/A       10%         5
 Hailstorm                Conj/Ice       12%        3d5       16%         3
 Summon Forest            Summ/Tloc      3%         N/A       95%         5
 Eringya's Noxious Bog    Tmut/Pois      3%         N/A       100%        6
 Summon Hydra             Summ           3%         N/A       100%        7


Dungeon Overview and Level Annotations

Branches:
Dungeon (7/15)             Temple (1/1) D:4

Altars:
Ashenzari
Dithmenos
Fedhas
Gozag
Hepliaklqana
Makhleb
Nemelex Xobeh
Qazlal
Ru
Sif Muna
Trog
Uskayaw
Vehumet
Wu Jian
Yredelemnul
The Shining One


Innate Abilities, Weirdness & Mutations

You can breathe waves of freezing cold which knock back foes.
Your icy white scales are hard. (AC +7)
You cannot fit into any form of body armour.
Your flesh is cold resistant. (rC+)
You are cold-blooded and may be slowed by cold attacks.


Message History

Aiming: Vampiric Draining (safe; 1% risk of failure)
Press: ? - help, Shift-Dir - straight line, f/p - wyvern
Aim: a wyvern (moderately wounded)
You draw life force from the wyvern!
You feel life coursing into your body. The wyvern barely misses you.
Unknown command.
Casting: Vampiric Draining (safe; 1% risk of failure)
Confirm with . or Enter, or press ? or * to list all spells.
Aiming: Vampiric Draining (safe; 1% risk of failure)
Press: ? - help, Shift-Dir - straight line, f/p - wyvern
Aim: a wyvern (severely wounded)
You draw life force from the wyvern.
You feel life coursing into your body. The wyvern bites you!
* * * LOW HITPOINT WARNING * * *
The wyvern barely misses you.
Unknown command.
Casting: Vampiric Draining (safe; 1% risk of failure)
Confirm with . or Enter, or press ? or * to list all spells.
Aiming: Vampiric Draining (safe; 1% risk of failure)
Press: ? - help, Shift-Dir - straight line, f/p - wyvern
Aim: a wyvern (almost dead)
You draw life force from the wyvern!
You kill the wyvern!
You feel life coursing into your body.
Your Necromancy skill increases to level 8!
You have reached level 9!
Your experience leads to an increase in your attributes!
Increase (S)trength, (I)ntelligence, or (D)exterity?
You feel clever. x2; Your scales feel tougher.
Unknown command.
Casting: Vampiric Draining (safe; 1% risk of failure)
Confirm with . or Enter, or press ? or * to list all spells.
You can't see any susceptible monsters within range! (Use Z to cast anyway.) Unknown command.
Unknown command.
The electric eel shoots out a bolt of lightning at you!
The bolt of electricity hits the white imp!
The white imp dies!
The bolt of electricity hits you!
You die...

#.~~.. . ..~..~ .. ##+##
#.~~..~ ... ##...##
..≈~..~ ....#.....##
.~~..~~ ########........##
.≈..~~.
#.....##........@##.~..~≈.
.................'..S..≈~.
#................##.~~..~~
##.#.####.......## ..~..~≈
###Y## ##.....## #.~≈..~
###.Y.# ##...## ..≈..~
#.....# ##+## #.~..~
#.#...#### .~..~
#.###....# .~~..


You could see an electric eel.

Vanquished Creatures
  Grinder (D:5)
  A yak (D:7)
  A wyvern (D:7)
  A water moccasin (D:6)
  2 ice beasts
  A centaur (D:6)
  3 phantoms
  A kobold brigand (D:6)
  A bullfrog (D:6)
  A scorpion (D:4)
  An orc priest (D:4)
  2 jellies
  A gnoll bouda (D:7)
  9 iguanas
  Natasha (thrice) (D:4)
  5 gnolls
  7 adders
  2 shadow imps
  3 white imps
  2 ufetubi
  2 dart slugs
  6 orcs
  5 bats
  5 endoplasms
  4 giant cockroaches
  A goblin (D:4)
  10 hobgoblins
  2 quokkas
  7 ball pythons
  2 frilled lizards (D:1)
  11 kobolds
  2 rats (D:2)
105 creatures vanquished.

Vanquished Creatures (collateral kills)
  A hound (D:5)
  An iguana (D:6)
  A frilled lizard (D:3)
3 creatures vanquished.

Vanquished Creatures (others)
  A white imp (D:7)
1 creature vanquished.

Grand Total: 109 creatures vanquished

Notes
Turn   | Place    | Note
-------+----------+-------------------------------------------
     0 | D:1      | Angani the Draconian Reaver began the quest for the Orb.
     0 | D:1      | Reached XP level 1. HP: 17/17 MP: 3/3
    51 | D:1      | Reached XP level 2. HP: 11/25 MP: 3/5
   238 | D:1      | Reached skill level 1 in Necromancy
   272 | D:1      | Learned a level 1 spell: Necrotise
   506 | D:1      | Reached XP level 3. HP: 30/30 MP: 4/6
  1594 | D:3      | Found a blossoming altar of Fedhas.
  1827 | D:3      | Reached skill level 2 in Necromancy
  2214 | D:4      | Reached XP level 4. HP: 37/37 MP: 8/8
  2370 | D:4      | Reached XP level 5. HP: 42/42 MP: 10/10
  2376 | D:4      | Noticed Natasha
  2380 | D:4      | Killed Natasha
  2381 | D:4      | Reached skill level 3 in Necromancy
  2406 | D:4      | Learned a level 3 spell: Vampiric Draining
  2452 | D:4      | You fall into a shaft and drop 2 floors!
  2469 | D:5      | Entered Level 5 of the Dungeon
  2477 | D:6      | Noticed a phantom
  2671 | D:4      | Noticed Natasha
  2687 | D:4      | Killed Natasha
  2693 | D:4      | Noticed Natasha
  2697 | D:4      | Killed Natasha
  2703 | D:4      | Reached XP level 6. HP: 34/42 MP: 1/12
  2867 | D:4      | Noticed an ice beast
  2885 | D:4      | Killed an ice beast
  2886 | D:4      | Reached skill level 4 in Necromancy
  2976 | D:4      | Found a staircase to the Ecumenical Temple.
  2985 | Temple   | Entered the Ecumenical Temple
  3286 | D:5      | Noticed Grinder
  3322 | D:5      | Paralysed by Grinder for 2 turns
  3539 | D:6      | Reached skill level 5 in Spellcasting
  3539 | D:6      | Your scales start taking on an icy white colour.
  3539 | D:6      | Reached XP level 7. HP: 33/55 MP: 14/14
  3539 | D:6      | Gained mutation: Your flesh is cold resistant. (rC+) [White
                  | Draconian growth]
  3734 | D:6      | Reached skill level 5 in Necromancy
  4218 | D:6      | Reached skill level 6 in Necromancy
  4234 | D:6      | Reached XP level 8. HP: 28/62 MP: 0/17
  4985 | D:5      | Killed Grinder
  4986 | D:5      | Reached skill level 7 in Necromancy
  5975 | D:7      | Reached skill level 8 in Necromancy
  5975 | D:7      | Reached XP level 9. HP: 7/68 MP: 5/20
  5975 | D:7      | Killed from afar by an electric eel

Illustrated notes

Levels and vault maps discovered:
D:1:      dpeg_arrival_boxorama, layout_rooms
D:2:      layout_rooms
D:3:      layout_basic, lemuel_doored_altar
D:4:      layout_basic, minmay_temple_entry_statues_fountains, serial_demonic,
          serial_demonic_c, serial_demonic_e, serial_demonic_b,
          serial_demonic_b, kennysheep_generic_room_4, uniq_natasha
D:5:      layout_gridville, uniq_grinder
D:6:      layout_loops_ring, hangedman_decor_push, minmay_manual_mail
D:7:      layout_loops_corners, zin_treasury, xom_shifter_show,
          mainiacjoe_overflow_catch_the_wave, slow_altar_2
Temple:   eino_wide_crystal_templ

Skill      XL: |  1  2  3  4  5  6  7  8 |
---------------+-------------------------+-----
Necromancy     | 1 2 3 4 6 8 |  8.1
Spellcasting   | 3 4 5 6 7 |  7.8
Fighting       | |  2.6
Maces & Flails | |  3.2
Dodging        | |  1.7
Conjurations   | |  3.0

Action                   |  1- 3 |  4- 6 |  7- 9 || total
-------------------------+-------+-------+-------++-------
Melee: Mace              |    92 |    52 |   119 ||   263
       Tailslap          |     8 |     3 |    12 ||    23
       Punch             |       |     1 |     1 ||     2
Throw: Throwing net      |       |       |     1 ||     1
 Cast: Kiss of Death     |     1 |     3 |       ||     4
       Necrotise         |    49 |    44 |    55 ||   148
       Vampiric Draining |       |     3 |    15 ||    18
 Abil: Breathe Frost     |       |       |     8 ||     8
Evoke: Wand              |       |    24 |       ||    24
  Use: Scroll            |     3 |     6 |     2 ||    11
       Potion            |       |       |     9 ||     9
 Stab: Distracted        |       |       |     1 ||     1
Armor: Skin              |    68 |    21 |    58 ||   147
Dodge: Dodged            |    96 |    55 |    96 ||   247

Table legend: (Time is in decaauts)
 A = Elapsed time spent in this place.
 B = Non-inter-level travel time spent in this place.
 C = Inter-level travel time spent in this place.
 D = Time resting spent in this place.
 E = Time spent auto-exploring this place.
 F = Levels seen in this place.
 G = Mean time per level.
                   A        B        C        D        E       F      G
               +--------+--------+--------+--------+--------+-----+--------+
         Total |   6068 |   5683 |    385 |   1114 |   3321 |   8 |  758.5 |
       Dungeon |   6003 |   5626 |    377 |   1114 |   3278 |   7 |  857.6 |
        Temple |     64 |     56 |      8 |      0 |     43 |   1 |   64.0 |
               +--------+--------+--------+--------+--------+-----+--------+

Top non-repeatable levels by time:
     D:6: 1205 daAuts
     D:5: 1129 daAuts
     D:4: 1008 daAuts
     D:1: 829 daAuts
     D:3: 741 daAuts
     D:2: 597 daAuts
     D:7: 492 daAuts
  Temple: 64 daAuts
